 Dungeon Crawl Stone Soup version 0.16-a0-2254-g943817a (console) character file.

59336 utis the Geomancer (level 14, 84/84 HPs)
             Began as a Gargoyle Earth Elementalist on Nov 2, 2014.
             Was a High Priest of Vehumet.
             Quit the game on level 7 of the Lair of Beasts on Nov 15, 2014.
             The game lasted 01:58:59 (39897 turns).

utis the Geomancer (Gargoyle Earth Elementalist)   Turns: 39897, Time: 01:59:00

Health: 84/84      AC: 22    Str: 15    XL:     14   Next: 94%
Magic:  32/32      EV: 11    Int: 18    God:    Vehumet [*****.]
Gold:   595        SH:  0    Dex: 10    Spells: 10 memorised, 2 levels left

rFire  . . .     SeeInvis .     a - +5 quarterstaff "Theev" {speed, Stlth+}
rCold  + . .     Clarity  .     k - +0 ring mail
rNeg   + . .     SustAb   .     (no shield)
rPois  +         Gourm    +     t - +1 helmet
rElec  +         Spirit   .     F - +1 cloak
rCorr  .         Warding  .     x - +2 pair of gloves
rMut   .         Stasis   .     N - +0 pair of boots
MR     +....                    r - amulet of the gourmand
Stlth  ++........               L - ring of protection from cold
                                (no ring)

@: somewhat resistant to hostile enchantments, unstealthy
A: able to fly continuously, big wings, negative energy resistance 1,
electricity resistance, unbreathing, petrification resistance, rot immunity, AC
+9
a: Fly, Renounce Religion


You were on level 7 of the Lair of Beasts.
You worshipped Vehumet.
Vehumet was extremely pleased with you.
You were completely stuffed.

You visited 3 branches of the dungeon, and saw 20 of its levels.
You also visited: Sewer.

You collected 931 gold pieces.
You spent 336 gold pieces at shops.

Inventory:

Hand weapons
 a - the +5 quarterstaff "Theev" (weapon) {speed, Stlth+}
   (You found it on level 7 of the Dungeon)

   Attacks with this weapon are significantly faster.
   It makes you more stealthy.
 c - a +0 blowgun
 i - a +4 lajatang
Missiles
 h - 104 stones {=f}
 n - 76 poisoned needles
 s - 6 poisoned javelins
 V - 7 javelins (quivered)
Armour
 k - a +0 ring mail (worn)
 t - a +1 helmet (worn)
 x - a +2 pair of gloves (worn)
 F - a +1 cloak (worn)
 N - a +0 pair of boots (worn)
Magical staves
 b - an uncursed staff of conjuration {!a}
 p - an uncursed staff of power {!a}
 u - an uncursed staff of summoning {!a}
Jewellery
 r - an amulet of the gourmand (around neck)
 J - an uncursed ring of sustain abilities
 L - a ring of protection from cold (right hand)
 M - an uncursed amulet of rage
 R - an uncursed ring of teleportation {=f}
Magical devices
 j - a wand of invisibility (3)
 I - a wand of fireball (5)
 O - a wand of draining (5)
 S - a wand of draining (6)
 X - a wand of fire (6)
 Y - a wand of draining (4)
 Z - a wand of fire (9)
Scrolls
 y - 4 scrolls of teleportation {!r}
 K - a scroll of fog
 T - a scroll of fear {!r}
 W - 2 scrolls of magic mapping
Potions
 e - 4 potions of agility
 l - a potion of porridge
 v - 3 potions of flight
 w - 6 potions of curing
 z - 3 potions of brilliance
 A - 3 potions of might
 B - 2 potions of resistance
 C - a potion of haste
 G - a potion of berserk rage {!q}
 H - 4 potions of heal wounds
 P - a potion of cancellation {unknown}
 U - a potion of invisibility {unknown}
Books
 d - a book of Geomancy

   Spells                             Type                      Level
   *Sandblast                         Earth                        1
   *Stoneskin                         Transmutation/Earth          2
   *Passwall                          Transmutation/Earth          3
   *Stone Arrow                       Conjuration/Earth            3
   Petrify                            Transmutation/Earth          4
   *Lee's Rapid Deconstruction        Earth                        5
 o - a book of Beasts

   Spells                             Type                      Level
   *Summon Butterflies                Summoning                    1
   Call Canine Familiar               Summoning                    3
   Summon Ice Beast                   Ice/Summoning                4
   Summon Mana Viper                  Hexes/Summoning              5
   Monstrous Menagerie                Summoning                    6
   Summon Hydra                       Summoning                    7
 q - a book of Summonings

   Spells                             Type                      Level
   *Abjuration                        Summoning                    3
   Recall                             Summoning/Translocation      3
   *Shadow Creatures                  Summoning                    5
   Summon Demon                       Summoning                    5
   Summon Forest                      Summoning/Translocation      5
   Monstrous Menagerie                Summoning                    6
 E - a book of Power

   Spells                             Type                      Level
   Fulminant Prism                    Conjuration/Hexes            4
   Iskenderun's Mystic Blast          Conjuration                  4
   Venom Bolt                         Conjuration/Poison           5
   Bolt of Magma                      Conjuration/Fire/Earth       5
   *Iron Shot                         Conjuration/Earth            6
   Orb of Destruction                 Conjuration                  7
Comestibles
 f - 14 bread rations
 g - 7 meat rations
 m - 3 royal jellies
 D - 6 fruits
 Q - a chunk of flesh


   Skills:
 - Level 8.2 Fighting
 - Level 10.6 Staves
 - Level 8.1 Dodging
 - Level 2.1 Stealth
 + Level 10.8 Spellcasting
 - Level 11.1 Conjurations
 - Level 8.6 Summonings
 - Level 0.7 Transmutations
 - Level 12.5 Earth Magic


You had 2 spell levels left.
You knew the following spells:

 Your Spells              Type           Power        Failure   Level  Hunger
a - Sandblast             Erth           ######       1%          1    None
b - Stone Arrow           Conj/Erth      ######       1%          3    None
d - Shadow Creatures      Summ           N/A          10%         5    #####..
e - Static Discharge      Conj/Air       ####....     1%          3    None
j - Abjuration            Summ           #####.....   1%          3    None
o - Stoneskin             Trmt/Erth      ####....     1%          2    None
q - Lee's Rapid Deconstr  Erth           ######....   1%          5    #####..
w - Iron Shot             Conj/Erth      ######....   3%          6    ######.
B - Summon Butterflies    Summ           #####...     1%          1    None
Z - Passwall              Trmt/Erth      ####......   1%          3    None


Dungeon Overview and Level Annotations

Branches:
Dungeon (11/15)            Temple (1/1) D:6            Lair (8/8) D:11
 Shoals (0/5) Lair:6        Snake (0/5) Lair:5       Spider (0/5) Lair:6
  Slime (0/6) Lair:7
    Orc: D:9-12

Altars:
Ashenzari
Cheibriados
Dithmenos
Elyvilon
Fedhas
Gozag
Kikubaaqudgha
Makhleb
Nemelex Xobeh
Okawaru
Qazlal
Ru
Sif Muna
Trog
Vehumet
Xom
Yredelemnul
Zin
The Shining One
Jiyva

Shops:
D:4 *


Innate Abilities, Weirdness & Mutations

You are resistant to torment.
You are immune to poison.
You can fly continuously.
Your stone body is very resilient (AC +9).
Your wings are large and strong.
You resist negative energy.
You are resistant to electric shocks.
You can survive without breathing.
You are immune to petrification.
You are immune to rotting.


Message History

You kill the blink frog!
Vehumet accepts your kill.
You start resting.
HP restored.
You see here a blink frog corpse.
There isn't anything here!
You see here a blink frog corpse.
You start butchering the blink frog corpse.
You continue butchering the corpse. x2
Magic restored.
You continue butchering the corpse.
You finish butchering the blink frog corpse.
Q - 2 chunks of flesh Eating one of 2 chunks of flesh.
This raw flesh tastes great.
You continue eating. x2
There is a stone staircase leading down here.
Put on which piece of jewellery? (? for menu, Esc to quit)
Okay, then.
Unknown command.
Unknown command.
Are you sure you want to abandon this character and quit the game? (Confirm with "yes".)

........▓▓▓
..........▓
..........▓
.........▓▓
........▓.▓
▓........▓▓▓ ▓▓▓
▓▓.......▓.▓▓▓▓▓▓▓.▓
⚵▓.........▓.⚵.⚶▓..▓▓
..).............9...▓
....................▓
....................▓
....................▓
.⚶..................▓
.⚶............⚵..▓▓.▓
⚶⚶.......▓⚶.▓▓▓▓▓▓▓▓▓
⚶.......▓▓▓▓▓
........▓▓


There were no monsters in sight!

Vanquished Creatures
  Fannar (Lair:3)
  Harold (Lair:4)
  6 hydras
  Erica (Lair:2)
  The ghost of timbw the Basher, an experienced TrHu of Okawaru (Lair:3)
  7 death yaks
  A catoblepas (Lair:7)
  Nergalle (Lair:1)
  4 hill giants
  3 swamp dragons (Lair:7)
  An ugly thing (D:11)
  2 griffons
  A cyclops (D:11)
  2 manticores
  Maurice (D:11)
  11 elephants
  2 black mambas
  14 spiny frogs
  A torpor snail (Lair:6)
  11 komodo dragons
  An efreet (D:10)
  6 fire drakes
  The ghost of stickyfingers the Conjurer, an experienced DEAE of Sif Muna (D:4)
  A giant leech (Lair:8)
  Grinder (D:6)
  A slime creature (Lair:7)
  A trapdoor spider (Lair:6)
  2 basilisks
  8 blink frogs
  A spriggan (D:8)
  A shadow (D:11)
  A wraith (D:11)
  3 deep elf magi
  A hill giant zombie (D:11)
  28 yaks
  3 wyverns
  13 hippogriffs
  A vampire mosquito (Lair:8)
  A tengu zombie (D:11)
  20 wolves
  A soldier ant (D:11)
  2 swamp worms (Lair:7)
  3 swamp drakes (Lair:7)
  6 orc warriors
  11 porcupines
  14 water moccasins
  A black bear (Lair:2)
  4 sky beasts
  8 spiders
  2 eyes of draining
  4 ice beasts
  2 ogres
  A phantom (D:8)
  A yellow wasp (D:7)
  2 necrophages
  4 boring beetles
  15 crocodiles
  A manticore skeleton (D:8)
  12 centaurs
  Sigmund (D:5)
  26 giant frogs
  7 big kobolds
  A gnoll sergeant (D:10)
  4 scorpions
  A hippogriff zombie (D:10)
  20 killer bees
  6 wights (D:7)
  2 goliath beetles
  10 crimson imps
  A quasit (D:9)
  Crazy Yiuf (D:3)
  10 orc priests
  14 hounds
  9 jellies
  A black bear skeleton (D:5)
  9 orc wizards
  6 iguanas
  7 sheep
  5 worker ants
  Ijyb (D:6)
  A mottled dragon zombie (D:11)
  An ogre skeleton (D:6)
  A hound zombie (D:7)
  2 mummies
  25 adders
  11 gnolls
  69 green rats
  2 orc zombies
  4 giant mites
  2 shadow imps
  A goliath beetle zombie (D:7)
  2 worms
  2 orc skeletons
  An adder skeleton (D:4)
  9 giant geckos
  7 oozes
  39 orcs
  26 bats
  A bat zombie (D:5)
  10 goblins
  16 hobgoblins
  11 jackals
  12 quokkas
  5 ball pythons
  14 giant cockroaches
  12 giant newts
  A hobgoblin skeleton (D:4)
  47 kobolds
  13 rats
  A fungus (Lair:8)
751 creatures vanquished.

Vanquished Creatures (others)
  A green rat (Lair:7)
  2 fungi
  6 plants
9 creatures vanquished.

Grand Total: 760 creatures vanquished

Notes
Turn   | Place    | Note
--------------------------------------------------------------
     0 | D:1      | utis, the Gargoyle Earth Elementalist, began the quest for the Orb.
     0 | D:1      | Reached XP level 1. HP: 10/10 MP: 3/3
   201 | D:1      | Reached skill level 4 in Earth Magic
   595 | D:1      | Reached XP level 2. HP: 15/15 MP: 0/4
   640 | D:1      | Learned a level 2 spell: Stoneskin
   892 | D:1      | Reached skill level 5 in Earth Magic
   892 | D:1      | Reached XP level 3. HP: 19/19 MP: 3/6
  2348 | D:2      | Reached XP level 4. HP: 24/24 MP: 5/7
  2577 | D:2      | Reached skill level 6 in Earth Magic
  2811 | D:2      | Learned a level 3 spell: Stone Arrow
  3426 | D:2      | Reached XP level 5. HP: 22/28 MP: 3/9
  3982 | D:3      | Found a glowing golden altar of the Shining One.
  4029 | D:3      | Reached skill level 7 in Earth Magic
  4056 | D:3      | Found an opulent altar of Gozag.
  4057 | D:3      | Found a deep blue altar of Sif Muna.
  4057 | D:3      | Found a shadowy altar of Dithmenos.
  4334 | D:3      | Found an iron altar of Okawaru.
  4417 | D:3      | Noticed Crazy Yiuf
  4437 | D:3      | Killed Crazy Yiuf
  4544 | D:3      | Reached XP level 6. HP: 32/32 MP: 3/10
  4638 | D:3      | Found a basalt altar of Yredelemnul.
  4839 | D:4      | Noticed stickyfingers' ghost (experienced DEAE)
  4855 | D:4      | Killed stickyfingers' ghost
  4855 | D:4      | Reached skill level 9 in Earth Magic
  4855 | D:4      | Reached XP level 7. HP: 32/36 MP: 4/12
  4921 | D:4      | Learned a level 3 spell: Passwall
  4965 | D:4      | Found Greagrer's Assorted Antiques.
  5292 | D:4      | Reached skill level 1 in Conjurations
  5891 | D:4      | Found a viscous altar of Jiyva.
  6062 | D:5      | Entered Level 5 of the Dungeon
  6489 | D:5      | Noticed Sigmund
  6506 | D:5      | Killed Sigmund
  6506 | D:5      | Reached skill level 5 in Conjurations
  6563 | D:5      | Found a shimmering altar of Xom.
  6586 | D:5      | Reached XP level 8. HP: 41/41 MP: 0/13
  7605 | D:6      | Noticed Grinder
  7610 | D:6      | Killed Grinder
  7783 | D:6      | Noticed Ijyb
  7791 | D:6      | Killed Ijyb
  7935 | D:6      | Found a glowing drain.
  7943 | Sewer    | Entered a sewer
  8082 | Sewer    | Reached skill level 5 in Fighting
  8243 | Sewer    | Reached XP level 9. HP: 52/54 MP: 10/14
  8650 | D:6      | Found a stormy altar of Qazlal.
  9196 | D:6      | Found a staircase to the Ecumenical Temple.
  9401 | Temple   | Entered the Ecumenical Temple
  9625 | Temple   | Became a worshipper of Vehumet
 10067 | D:7      | Found a glowing silver altar of Zin.
 10676 | D:7      | Got a warped quarterstaff
 10677 | D:7      | Identified the +5 quarterstaff "Theev" {speed, Stlth+} (You found it on level 7 of the Dungeon)
 11750 | D:7      | Acquired Vehumet's first power
 11750 | D:7      | Offered knowledge of Sting by Vehumet.
 12493 | D:8      | Reached skill level 5 in Dodging
 12594 | D:8      | Reached XP level 10. HP: 64/64 MP: 12/16
 13410 | D:8      | Offered knowledge of Magic Dart by Vehumet.
 13708 | D:8      | Found a snail-covered altar of Cheibriados.
 14124 | D:8      | Found an opulent altar of Gozag.
 14253 | D:8      | Upgraded the game from 0.16-a0-1794-gf7beed7 to 0.16-a0-1816-g2c93a98
 14942 | D:9      | Noticed a hill giant
 14953 | D:9      | Killed a hill giant
 15286 | D:9      | Reached XP level 11. HP: 68/68 MP: 15/22
 15303 | D:9      | Offered knowledge of Inner Flame by Vehumet.
 15457 | D:9      | Reached skill level 5 in Spellcasting
 15895 | D:9      | Acquired Vehumet's second power
 15960 | D:9      | Learned a level 5 spell: Lee's Rapid Deconstruction
 16620 | D:9      | Learned a level 5 spell: Shadow Creatures
 17229 | D:10     | Entered Level 10 of the Dungeon
 17347 | D:10     | Offered knowledge of Static Discharge by Vehumet.
 18449 | D:10     | Noticed a hill giant
 18462 | D:10     | Killed a hill giant
 19971 | D:11     | Reached skill level 5 in Summonings
 20505 | D:11     | Found a staircase to the Lair.
 20802 | D:11     | Noticed Maurice
 20875 | D:11     | Killed Maurice
 20875 | D:11     | Reached XP level 12. HP: 74/74 MP: 22/28
 20974 | D:11     | Noticed a hill giant
 21051 | D:11     | Killed a hill giant
 21227 | D:11     | Learned a level 3 spell: Static Discharge
 21229 | D:11     | Learned a level 1 spell: Summon Butterflies
 21233 | D:11     | Learned a level 3 spell: Abjuration
 21809 | D:11     | Noticed a seven-headed hydra
 21820 | D:11     | Killed a seven-headed hydra
 21899 | D:11     | Noticed a hill giant
 21905 | D:11     | Killed a hill giant
 22565 | Lair:1   | Entered Level 1 of the Lair of Beasts
 22661 | Lair:1   | Reached skill level 1 in Staves
 22699 | Lair:1   | Noticed Nergalle
 22712 | Lair:1   | Killed Nergalle
 22869 | Lair:1   | Acquired Vehumet's third power
 22910 | Lair:1   | Offered knowledge of Lightning Bolt by Vehumet.
 23108 | Lair:1   | Reached skill level 5 in Staves
 23687 | Lair:1   | Found a stormy altar of Qazlal.
 24420 | Lair:2   | Noticed Erica
 24873 | Lair:2   | Killed Erica
 24997 | Lair:2   | Offered knowledge of Bolt of Draining by Vehumet.
 25059 | Lair:2   | Reached XP level 13. HP: 78/78 MP: 27/30
 25193 | Lair:2   | Noticed a five-headed hydra
 25200 | Lair:2   | Killed a five-headed hydra
 25551 | Lair:2   | Noticed a seven-headed hydra
 25570 | Lair:2   | Killed a seven-headed hydra
 25570 | Lair:2   | Reached skill level 10 in Spellcasting
 26275 | Lair:3   | Noticed Fannar
 26305 | Lair:3   | Killed Fannar
 26453 | Lair:3   | Noticed timbw's ghost (experienced TrHu)
 26468 | Lair:3   | Killed timbw's ghost
 28824 | D:4      | Bought a knobbly runed staff for 336 gold pieces
 29406 | Lair:4   | Noticed Harold
 29717 | Lair:4   | Killed Harold
 30946 | Lair:5   | Reached skill level 10 in Staves
 31345 | Lair:5   | Found a staircase to the Snake Pit.
 32739 | Lair:6   | Found a staircase to the Shoals.
 32795 | Lair:5   | Offered knowledge of Fireball by Vehumet.
 32795 | Lair:5   | Gained mutation: Your wings are large and strong. [gargoyle growth]
 32795 | Lair:5   | Reached XP level 14. HP: 19/84 MP: 23/32
 33254 | Lair:6   | Found a hole to the Spider Nest.
 33270 | Lair:5   | Reached skill level 10 in Earth Magic
 35408 | Lair:7   | Reached skill level 11 in Earth Magic
 35629 | Lair:7   | Found a staircase to the Slime Pits.
 36448 | Lair:7   | Reached skill level 10 in Conjurations
 37980 | Lair:7   | Reached skill level 12 in Earth Magic
 39026 | Lair:7   | Learned a level 6 spell: Iron Shot
 39038 | Lair:8   | Entered Level 8 of the Lair of Beasts
 39849 | Lair:7   | Upgraded the game from 0.16-a0-1816-g2c93a98 to 0.16-a0-2254-g943817a
 39897 | Lair:7   | Quit the game

Action                   |  1- 3 |  4- 6 |  7- 9 | 10-12 | 13-15 || total
-------------------------+-------+-------+-------+-------+-------++-------
Melee: Unarmed           |     8 |       |       |       |       ||     8
       Club              |     2 |       |       |       |       ||     2
       Halberd           |     1 |     6 |   126 |       |       ||   133
       Quarterstaff      |       |       |    37 |   485 |   312 ||   834
       Blowgun           |       |       |       |     2 |       ||     2
 Fire: Blowgun           |       |       |    17 |    38 |       ||    55
Throw: Javelin           |     1 |       |    10 |    14 |     4 ||    29
 Cast: Sandblast         |    74 |   114 |   273 |    93 |    20 ||   574
       Stone Arrow       |       |       |    43 |   302 |   643 ||   988
       Stoneskin         |       |       |       |    14 |    18 ||    32
       Lee's Rapid Decon |       |       |       |     2 |     2 ||     4
       Abjuration        |       |       |       |       |     2 ||     2
       Iron Shot         |       |       |       |       |     4 ||     4
  Use: Scroll            |       |     1 |    17 |     6 |     9 ||    33
       Potion            |       |       |       |     3 |       ||     3
 Stab: Distracted        |       |       |     1 |       |       ||     1
       Sleeping          |       |       |       |     6 |       ||     6
  Eat: Chunk             |     6 |     9 |    33 |    62 |    49 ||   159
       Beef jerky        |       |       |     1 |       |       ||     1
       Bread ration      |       |       |       |     1 |       ||     1
